 Dungeon Crawl Stone Soup version 0.20.1-1-g8b1a95d (webtiles) character file.

86 RaverJD the Cudgeler (level 4, -7/41 HPs)
             Began as a Minotaur Berserker on Nov 1, 2017.
             Was a Believer of Trog.
             Mangled by bmj180's ghost (14 damage)
             ... on level 3 of the Dungeon.
             The game lasted 00:21:59 (987 turns).

RaverJD the Cudgeler (Minotaur Berserker)            Turns: 987, Time: 00:22:00

Health: -7/41      AC:  5    Str: 22    XL:     4   Next: 26%
Magic:  3/3        EV: 17    Int:  4    God:    Trog [**....]
Gold:   97         SH:  0    Dex: 15    Spells: 3/3 levels left

rFire    . . .     SeeInvis +   p - +0 halberd (curse)
rCold    . . .     Gourm    .   (shield currently unavailable)
rNeg     . . .     Faith    .   e - +0 ring mail
rPois    .         Spirit   .   (helmet restricted)
rElec    .         Reflect  .   (no cloak)
rCorr    .         Harm     .   (no gloves)
MR       .....                  (no boots)
Stlth    +.........             (no amulet)
Regen    0.2/turn               m - ring of see invisible
MPRegen  0.1/turn               i - ring of loudness (curse)

@: agile
A: retaliatory headbutt, horns 2
a: Berserk, Trog's Hand, Burn Spellbooks, Renounce Religion


You were on level 3 of the Dungeon.
You worshipped Trog.
Trog was pleased with you.
You were not hungry.

You visited 1 branch of the dungeon, and saw 3 of its levels.

You collected 97 gold pieces.

Inventory:

Hand Weapons
 a - a +0 mace
 b - a +0 quarterstaff
 p - a cursed +0 halberd (weapon)
 q - a cursed -1 hunting sling
Missiles
 g - 15 stones (quivered)
Armour
 e - a +0 ring mail (worn)
Jewellery
 i - a cursed ring of loudness (right hand)
 k - an uncursed ring of wizardry
 m - a ring of see invisible (left hand)
Scrolls
 l - a scroll of identify {unknown}
 o - a scroll of amnesia {unknown}
Potions
 j - a potion of might {unknown}
Comestibles
 c - 3 bread rations
 d - 2 fruits
 f - 2 meat rations
 n - a royal jelly


   Skills:
 + Level 4.4 Fighting
 + Level 4.8 Maces & Flails
 + Level 3.2 Armour
 + Level 2.6 Dodging
 + Level 0.1 Stealth


You had 3 spell levels left.
You didn't know any spells.

Dungeon Overview and Level Annotations

Branches:
Dungeon (3/15)

Altars:

Annotations:
D:3 bmj180's ghost, amateur HOFi


Innate Abilities, Weirdness & Mutations

You reflexively headbutt those who attack you in melee.
You have a pair of horns on your head.


Message History

* * * LOW HITPOINT WARNING * * *
You puncture bmj180's ghost! Your headbutt misses bmj180's ghost.
Bmj180's ghost is lightly damaged.
You feel sick. Bmj180's ghost hits you.
* * * LOW HITPOINT WARNING * * *
Bmj180's ghost closely misses you. You furiously retaliate!
You headbutt bmj180's ghost!
It was a potion of agility.
You feel agile all of a sudden. Bmj180's ghost closely misses you.
You furiously retaliate!
You headbutt bmj180's ghost. You barely miss bmj180's ghost.
You headbutt bmj180's ghost.
Bmj180's ghost is heavily damaged.
Bmj180's ghost completely misses you.
You hit bmj180's ghost.
Bmj180's ghost is severely damaged.
You feel sick.
You are no longer poisoned.
Bmj180's ghost hits you!
You die...

#########
.......###
#...>.....
#......##
##.@.....##
..#####.W†.......
...............##
..............##
....###.##....#
... .... ..#.# .
.....##.##...
....#### .# #..
.... .. .


You could see bmj180's ghost.

Vanquished Creatures
  5 adders
  2 dart slugs
  3 leopard geckos
  An orc (D:3)
  2 ball pythons
  6 bats
  3 giant cockroaches (D:2)
  5 hobgoblins
  3 frilled lizards
  4 goblins
  3 kobolds
  4 rats
41 creatures vanquished.

Notes
Turn   | Place    | Note
-------+----------+-------------------------------------------
     0 | D:1      | RaverJD the Minotaur Berserker began the quest for the Orb.
     0 | D:1      | Reached XP level 1. HP: 19/19 MP: 0/0
   177 | D:1      | Reached XP level 2. HP: 20/27 MP: 1/1
   485 | D:2      | Reached ** piety under Trog
   490 | D:2      | Reached XP level 3. HP: 32/33 MP: 2/2
   801 | D:2      | Reached XP level 4. HP: 36/41 MP: 3/3
   974 | D:3      | Noticed bmj180's ghost (amateur HOFi)
   987 | D:3      | Mangled by bmj180's ghost

Skill      XL: |  1  2  3 |
---------------+----------+-----
Maces & Flails | 4 |  4.8
Fighting       | 4 |  4.4
Armour         | 3 |  3.2
Dodging        | |  2.6
Stealth        | |  0.1

Action                   |  1- 3 |  4- 6 || total
-------------------------+-------+-------++-------
Melee: Mace              |    47 |       ||    47
       Headbutt          |     7 |     2 ||     9
       Quarterstaff      |    14 |     5 ||    19
       Halberd           |       |    14 ||    14
Invok: Berserk           |     1 |       ||     1
  Use: Potion            |     1 |     1 ||     2
  Eat: Fruit             |       |     1 ||     1
Armor: Animal skin       |     4 |       ||     4
       Ring mail         |    23 |     5 ||    28
Dodge: Dodged            |    56 |    15 ||    71
